Map: Deathaura LE

Players

DnS

  • Race: Protoss Protoss
  • Spawn Location: 11:00

ugly - Winner!

  • Race: Protoss Protoss
  • League: Master
  • Spawn Location: 5:00

VOD

Have the link to the VOD?

Description

Time

  • Played on: Jan. 18, 2021, 11:20 a.m.
  • Length: 4:06
Show
View Real Time Build Order
Export as new Build Order

DnS Protoss 

Build Orders:  

Get SALT Encoding   

  12  0:00  Probe  
  13  0:12  Probe  
  14  0:17  Pylon  
  14  0:24  Probe (Chrono Boost)  
  15  0:36  Probe (Chrono Boost)  
  15  0:37  Gateway  
  16  0:43  Probe (Chrono Boost)  
  16  0:46  Assimilator  
  17  0:51  Probe  
  17  0:55  Assimilator  
  18  1:03  Probe (Chrono Boost)  
  19  1:08  Gateway  
  19  1:13  Probe (Chrono Boost)  
  19  1:18  Probe (Chrono Boost)  
  20  1:24  Cybernetics Core  
  21  1:31  Zealot  
  23  1:41  Pylon  
  23  2:00  Stalker (Chrono Boost)  
  25  2:05  Shield Battery  
  27  2:12  Gateway  
  27  2:22  Pylon  
  27  2:41  Shield Battery  
  26  2:44  Shield Battery  
  19  2:54  Shield Battery  
  19  2:58  Shield Battery  
  19  3:00  Stalker  
  17  3:18  Gateway  
  15  3:30  Stalker  
Show
View Real Time Build Order
Export as new Build Order

ugly Protoss - Winner!

Build Orders:  

Get SALT Encoding   

  12  0:01  Probe  
  13  0:13  Probe  
  14  0:25  Probe  
  15  0:37  Pylon  
  15  0:55  Gateway  
  15  0:56  Forge  
  15  0:59  Gateway  
  15  1:15  Pylon  
  15  1:18  Pylon  
  15  1:34  Photon Cannon  
  15  1:41  Photon Cannon  
  15  1:48  Zealot (Chrono Boost)  
  19  2:02  Zealot (Chrono Boost)  
  21  2:10  Zealot (Chrono Boost)  
  21  2:28  Photon Cannon  
  21  2:31  Zealot  
  23  2:43  Photon Cannon  
  17  2:53  Zealot  
  19  3:02  Pylon  
  18  3:21  Photon Cannon  
  18  3:31  Photon Cannon  
  18  3:39  Zealot  
Tags
 
League
Master
Matchup
PvP
Player
DnS
Spawn Locations
Cross Positions
Add a new tag
Caveats
  • Supply blocks, unpowered buildings, or Contaminate may cause inaccurate times.
  • Supply counts are checked every 10 seconds.